 Dungeon Crawl Stone Soup version 0.25-a0-306-g3faca94807 (webtiles) character file.

Game seed: 8204678623268957463, levelgen mode: deterministic

63 Redear the Skirmisher (level 3, -3/29 HPs)
             Began as a Mummy Monk on Dec 21, 2019.
             Slain by a centaur (9 damage)
             ... on level 6 of the Dungeon.
             The game lasted 00:06:29 (2884 turns).

Redear the Skirmisher (Mummy Monk)                  Turns: 2884, Time: 00:06:29

Health: -3/29      AC:  1    Str: 14    XL:     3   Next: 87%
Magic:  3/3        EV: 13    Int:  9    God:
Gold:   58         SH:  0    Dex: 15    Spells: 2/2 levels left

rFire    x . .     SeeInvis .     - Unarmed
rCold    + . .     Gourm    .   (no shield)
rNeg     + + +     Faith    .   (no armour)
rPois    ∞         Spirit   .   a - +0 hat
rElec    .         Reflect  .   (no cloak)
rCorr    .         Harm     .   b - +0 pair of gloves
MR       .....                  (no boots)
Stlth    ++........             (no amulet)
HPRegen  0.09/turn              c - ring of flight {+Fly}
MPRegen  0.08/turn              (no ring)

@: no status effects
A: no food or potions, fire vulnerability, cold resistance 1, negative energy
resistance 3, torment resistance, unbreathing
a: Evoke Flight


You were on level 6 of the Dungeon.
You were not hungry.

You visited 1 branch of the dungeon, and saw 4 of its levels.

You collected 58 gold pieces.

Inventory:

Armour
 a - a +0 hat (worn)
 b - a +0 pair of gloves (worn)
Jewellery
 c - a ring of flight (left hand) {+Fly}
 d - an uncursed amulet of rage {unknown}
Scrolls
 N - a scroll of remove curse {@r2}


   Skills:
 + Level 3.5 Fighting
 + Level 2.9 Dodging
 + Level 2.2 Stealth
 + Level 2.9 Unarmed Combat


You had 2 spell levels left.
You didn't know any spells.
Your spell library was empty.

Dungeon Overview and Level Annotations

Branches:
Dungeon (3/15)

Altars:

Annotations:
D:2 Jessica, Natasha


Innate Abilities, Weirdness & Mutations

You do not eat or drink.
Your flesh is vulnerable to fire.
You are immune to poison.
Your flesh is cold resistant. (rC+)
You are immune to negative energy. (rN+++)
You are immune to unholy pain and torment.
You can survive without breathing.


Message History

2 arrows.
The floor.
Okay, then.
You hit the hound zombie.
The hound zombie is lightly damaged.
The hound zombie barely misses you. The hound zombie misses you.
You hit the hound zombie.
The hound zombie is moderately damaged.
The hound zombie bites you.
* * * LOW HITPOINT WARNING * * *
You take 3 damage, and have 5/29 hp.
You hit the hound zombie.
The hound zombie is moderately damaged.
You hit the centaur.
The centaur is lightly wounded.
The centaur unwields a +0 shortbow.
The centaur completely misses you.
You hit the centaur.
The centaur is moderately wounded.
The centaur hits you!
You die...

#.........##.
#............
#............
#..........#.
#.#.........
#.#(#####...
#.#Z# #.#c#
#.#@# #.#.#
#.#.# #.#.#
#.#.# ##.#.#
#....#####
#./......#
#...####.#


You could see a centaur and a hound zombie.

Vanquished Creatures
  An adder (D:2)
  An ooze (D:1)
  A worm (D:3)
  A ball python (D:2)
  3 giant cockroaches
  4 goblins
  6 hobgoblins
  9 jackals (D:1)
  A kobold (D:1)
  3 bats
  5 frilled lizards
  7 rats
42 creatures vanquished.

Notes
Turn   | Place    | Note
-------+----------+-------------------------------------------
     0 | D:1      | Redear the Mummy Monk began the quest for the Orb.
     0 | D:1      | Reached XP level 1. HP: 18/18 MP: 1/1
   557 | D:1      | Reached XP level 2. HP: 24/24 MP: 2/2
   918 | D:1      | Reached skill level 2 in Stealth
  1089 | D:1      | Reached XP level 3. HP: 4/29 MP: 3/3
  1794 | D:2      | Noticed Natasha
  1921 | D:2      | Noticed Jessica
  2560 | D:3      | You fall into a shaft and drop 3 floors!
  2697 | D:6      | Noticed a centaur
  2884 | D:6      | Slain by a centaur

Levels and vault maps discovered:
D:1:      erik_arrival_triangle_medium, layout_basic
D:2:      layout_rooms, okawaru_ov_weapons_minmay,
          nicolae_ru_sacrificial_ziggurat, gammafunk_temple_overflow_pools,
          uniq_natasha, uniq_robin, uniq_jessica
D:3:      layout_rooms, first_ration, gammafunk_ghost_necromancy, uniq_ijyb
D:6:      layout_basic, hangedman_abyss_or_decor_stabs

Skill      XL: |  1  2 |
---------------+-------+-----
Stealth        | 2 |  2.2
Fighting       | |  3.5
Dodging        | |  2.9
Unarmed Combat | |  2.9

Action                   || total
-------------------------++-------
Melee: Unarmed           ||   187
       Punch             ||     1
  Use: Scroll            ||     4
 Stab: Sleeping          ||     1
Armor: Skin              ||     7
Dodge: Dodged            ||   113

Table legend:
 A = Non-vault XP
 B = Vault XP
 C = Vault XP percentage of total XP
 D = Non-vault monster count
 E = Vault monster count
 F = Vault count percentage of total count
                 A         B        C        D         E       F
            +---------+---------+-------+---------+---------+-------
      Total |      90 |       0 |   0.0 |      42 |       0 |   0.0
            +---------+---------+-------+---------+---------+-------
        D:1 |      55 |       0 |   0.0 |      29 |       0 |   0.0
        D:2 |      16 |       0 |   0.0 |       3 |       0 |   0.0
        D:3 |      19 |       0 |   0.0 |      10 |       0 |   0.0
            +---------+---------+-------+---------+---------+-------
